[Event "Bremer Silvester Open-B 2024"]
[Site "Bremen"]
[Date "2024.12.29"]
[Round "5.1"]
[White "Supplieth, Peter"]
[Black "Lattreuter, Alexander"]
[Result "1/2-1/2"]
[ECO "B10"]
[WhiteElo "1890"]
[BlackElo "1841"]
[Annotator "NA"]
[PlyCount "46"]
[EventDate "2024.12.16"]
[EventType "swiss"]
[EventCountry "GER"]
[SourceTitle "playchess.com"]
[Source "ChessBase"]
[SourceQuality "1"]
[TimeControl "5400+30"]

1. e4 c6 2. Nf3 d5 3. exd5 cxd5 4. Ne5 Nc6 5. d4 Nf6 6. c3 a6 7. Bd3 e6 8. O-O Bd6 9. f4 O-O 10. Nd2 Bd7 11. Ndf3 Rc8 12. Be3 Na5 13. Qe2 b5 14. Bf2 Nc4 15. Bh4 Be7 16. Rac1 h6 17. g4 Ne4 18. Bxe7 Qxe7 19. Nxd7 Qxd7 20. Ne5 Nxe5 21. fxe5 Ng5 22. Bb1 Qe7 23. Kg2 Rc4 1/2-1/2

[Event "Bremer Silvester Open-B 2024"]
[Site "Bremen"]
[Date "2024.12.29"]
[Round "5.3"]
[White "Maeder, Christian"]
[Black "Rauscher, Joachim"]
[Result "1-0"]
[ECO "B21"]
[WhiteElo "1995"]
[BlackElo "1797"]
[Annotator "NA RC"]
[PlyCount "56"]
[EventDate "2024.12.16"]
[EventType "swiss"]
[EventCountry "GER"]
[SourceTitle "playchess.com"]
[Source "ChessBase"]
[SourceQuality "1"]
[TimeControl "5400+30"]

1. e4 c5 2. Nf3 d6 3. d4 cxd4 4. c3 dxc3 5. Nxc3 Nc6 6. Bc4 e6 7. O-O Nge7 8. Qe2 Ng6 9. Rd1 Be7 10. Be3 O-O 11. Nb5 a6 12. Nbd4 Nxd4 13. Rxd4 b5 14. Bb3 Bb7 15. Rad1 Qc7 16. h4 Rfd8 17. Ng5 Bxg5 18. Bxg5 Rd7 19. h5 Nf8 20. Qg4 Qc5 21. Bf6 g6 22. e5 Qc6 23. exd6 Re8 24. Qg3 e5 25. Bd5 Qxd6 26. Bxf7+ Kxf7 27. Rxd6 Rxd6 28. Rxd6 Bc8 1-0

[Event "Bremer Silvester Open-B 2024"]
[Site "Bremen"]
[Date "2024.12.29"]
[Round "5.4"]
[White "Pass, Marlon"]
[Black "Wildt, Alexander"]
[Result "1/2-1/2"]
[ECO "B13"]
[WhiteElo "1796"]
[BlackElo "1845"]
[Annotator "NA RC"]
[PlyCount "100"]
[EventDate "2024.12.16"]
[EventType "swiss"]
[EventCountry "GER"]
[SourceTitle "playchess.com"]
[Source "ChessBase"]
[SourceQuality "1"]
[TimeControl "5400+30"]

1. d4 d5 2. Bf4 Nf6 3. e3 c5 4. c3 Nc6 5. Nf3 cxd4 6. exd4 Bg4 7. Nbd2 e6 8. Qa4 Bxf3 9. Nxf3 Bd6 10. Bg3 O-O 11. Bd3 a6 12. Qc2 Rc8 13. Bh4 Nb4 14. Qd2 Nxd3+ 15. Qxd3 Be7 16. Ne5 Ne4 17. Bg3 b5 18. f3 Nd6 19. a3 Nc4 20. Rb1 Bd6 21. f4 a5 22. O-O f5 23. Nxc4 bxc4 24. Qe2 Qd7 25. Rf3 Be7 26. Re1 Rc6 27. Re3 Kf7 28. Qc2 Rb8 29. Qa4 Qc7 30. R3e2 Rb3 31. h3 Bd8 32. Bf2 Rd6 33. g3 Qb7 34. Rb1 Rxc3 35. Re3 Rb3 36. Rxb3 Qxb3 37. Qxb3 cxb3 38. Rc1 Ke7 39. Be1 Kd7 40. Kf2 Rc6 41. Bc3 a4 42. Ke3 h6 43. h4 g5 44. hxg5 hxg5 45. Rh1 gxf4+ 46. gxf4 Ke7 47. Rh7+ Kf6 48. Ra7 Rc4 49. Ra6 Be7 50. Kd3 Bf8 1/2-1/2

[Event "Bremer Silvester Open-B 2024"]
[Site "Bremen"]
[Date "2024.12.29"]
[Round "5.5"]
[White "Beeck, Sebastian"]
[Black "Tresper, Philipp"]
[Result "1-0"]
[ECO "B12"]
[WhiteElo "1753"]
[BlackElo "1807"]
[Annotator "NA RC"]
[PlyCount "83"]
[EventDate "2024.12.16"]
[EventType "swiss"]
[EventCountry "GER"]
[SourceTitle "playchess.com"]
[Source "ChessBase"]
[SourceQuality "1"]
[TimeControl "5400+30"]

1. e4 c6 2. d4 d5 3. f3 e6 4. Bd3 Nd7 5. Ne2 c5 6. c3 Qb6 7. a4 cxd4 8. a5 Qd8 9. exd5 e5 10. c4 Bb4+ 11. Bd2 Bxd2+ 12. Nxd2 Qg5 13. Ng3 Nc5 14. Qe2 Qe3 15. Be4 Nf6 16. Qxe3 dxe3 17. Ndf1 Nfxe4 18. Nxe4 Nd3+ 19. Ke2 Nf4+ 20. Kxe3 Nxg2+ 21. Kd2 Nh4 22. Ke2 Nf5 23. Ne3 Nd4+ 24. Kf2 O-O 25. b4 f5 26. Nd6 e4 27. f4 Kh8 28. h4 Rf6 29. c5 a6 30. Rad1 Nb5 31. Nxb5 axb5 32. h5 Bd7 33. d6 Bc6 34. Nd5 Bxd5 35. Rxd5 Kg8 36. Rhd1 Rd8 37. Re5 Rf7 38. a6 bxa6 39. c6 Rff8 40. d7 Rf7 41. Re8+ Rf8 42. Rxf8+ 1-0

[Event "Bremer Silvester Open-B 2024"]
[Site "Bremen"]
[Date "2024.12.29"]
[Round "5.6"]
[White "Wernke-Schmiesing, Sebastian"]
[Black "Grabowski, Petra"]
[Result "1/2-1/2"]
[ECO "E05"]
[WhiteElo "1806"]
[BlackElo "1766"]
[Annotator "NA RC"]
[PlyCount "48"]
[EventDate "2024.12.16"]
[EventType "swiss"]
[EventCountry "GER"]
[SourceTitle "playchess.com"]
[Source "ChessBase"]
[SourceQuality "1"]
[TimeControl "5400+30"]

1. d4 d5 2. c4 e6 3. Nf3 Nf6 4. g3 Be7 5. Bg2 O-O 6. O-O dxc4 7. Qc2 a6 8. Qxc4 b5 9. Qc2 Bb7 10. Rd1 Nbd7 11. Nc3 Rc8 12. a3 c5 13. dxc5 Bxc5 14. Bg5 Qb6 15. e3 h6 16. Bxf6 Nxf6 17. Qe2 Ne4 18. Nxe4 Bxe4 19. Ne5 Bxg2 20. Kxg2 Qb7+ 21. Kg1 Rfd8 22. Rxd8+ Rxd8 23. Rd1 Rxd1+ 24. Qxd1 Qc7 1/2-1/2

[Event "Bremer Silvester Open-B 2024"]
[Site "Bremen"]
[Date "2024.12.29"]
[Round "5.8"]
[White "Ewers, Christian"]
[Black "Jablonski, Ture"]
[Result "1-0"]
[ECO "C24"]
[WhiteElo "1820"]
[BlackElo "1718"]
[Annotator "NA RC"]
[PlyCount "99"]
[EventDate "2024.12.16"]
[EventType "swiss"]
[EventCountry "GER"]
[SourceTitle "playchess.com"]
[Source "ChessBase"]
[SourceQuality "1"]
[TimeControl "5400+30"]

1. e4 e5 2. Bc4 Nc6 3. d3 Nf6 4. Bg5 Be7 5. Bxf6 Bxf6 6. Ne2 Na5 7. b4 Nxc4 8. dxc4 d6 9. Ng3 Be6 10. Qd3 h5 11. h3 g6 12. Nc3 c6 13. a4 Be7 14. O-O Qc7 15. Rfd1 Kf8 16. a5 Kg7 17. a6 Rhc8 18. Nf1 b5 19. cxb5 cxb5 20. Nxb5 Qb6 21. Ne3 Rab8 22. c4 Bxc4 23. Nxc4 Qxb5 24. Ne3 Qxd3 25. Rxd3 Kf8 26. Nd5 Rc2 27. Rda3 Bh4 28. g3 Bd8 29. R3a2 Rc4 30. Re1 Bb6 31. Ree2 Ke8 32. Rac2 Rxc2 33. Rxc2 Kd7 34. Kf1 Bd8 35. Ke2 Rc8 36. Rxc8 Kxc8 37. Kd3 Kd7 38. Kc4 f5 39. f3 Kc8 40. Nc3 Kc7 41. Na4 Kd7 42. Kd5 Bc7 43. b5 f4 44. g4 h4 45. b6 Bb8 46. b7 g5 47. Nb2 Bc7 48. Nd3 Bb8 49. Nb4 Bc7 50. Nc6 1-0